 Dungeon Crawl Stone Soup version 0.29.1-4-g47bece8355 (webtiles) character file.

Game seed: 2740210129173514540

39 GorkyZ the Cutter (level 3, -2/22 HPs)
             Began as a Gargoyle Gladiator on Dec 11, 2022.
             Slain by Sigmund
             ... wielding a +0 scythe
              (4 damage)
             ... on level 2 of the Dungeon.
             The game lasted 00:03:33 (1145 turns).

GorkyZ the Cutter (Gargoyle Gladiator)              Turns: 1145, Time: 00:03:34

Health: -2/22      AC:  8    Str: 17    XL:     3   Next: 47%
Magic:  3/3        EV:  9    Int:  8    God:
Gold:   53         SH:  0    Dex: 13    Spells: 2/2 levels left

rFire   . . .      SeeInvis .   a - +0 rapier
rCold   . . .      Faith    .   (no shield)
rNeg    + . .      Spirit   .   b - +0 leather armour
rPois   ∞          Reflect  .   c - +0 helmet
rElec   +          Harm     .   (no cloak)
rCorr   .          Rampage  .   i - +0 pair of gloves
Will    .....                   (no boots)
Stlth   +.........              (no amulet)
HPRegen 0.07/turn               (no ring)
MPRegen 0.08/turn               (no ring)

@: confused, grasped by roots, constricted
A: sickness immunity, AC +3, negative energy resistance 1, electricity
resistance, torment resistance 1, petrification resistance
a: no special abilities


You were on level 2 of the Dungeon.
You visited 1 branch of the dungeon, and saw 2 of its levels.

You collected 53 gold pieces.

Inventory:

Hand Weapons
 a - a +0 rapier (weapon)
Missiles
 d - 4 throwing nets
 e - a javelin
 k - 2 atropa-tipped darts (quivered)
 n - 6 boomerangs
Armour
 b - a +0 leather armour (worn)
 c - a +0 helmet (worn)
 i - a +0 pair of gloves (worn)
Scrolls
 g - a scroll of amnesia {unknown}
 l - a scroll of vulnerability {unknown}
 m - a scroll of identify {unknown}
Potions
 f - 3 potions of curing {unknown}
 h - a potion of berserk rage {unknown}
 j - a potion of brilliance {unknown}


   Skills:
 + Level 2.6 Fighting
 + Level 2.8(2.9) Short Blades
 + Level 0.7(1.9) Long Blades
 + Level 2.0 Throwing
 + Level 1.0 Armour
 + Level 2.5 Dodging
 + Level 1.0 Shields
 + Level 0.4 Evocations


You had 2 spell levels left.
You didn't know any spells.
Your spell library contained the following spells:

 Spells                   Type           Power      Damage    Failure   Level
 Ensorcelled Hibernation  Hex/Ice        0%         N/A       61%         2
 Passwall                 Tmut/Erth      0%         N/A       61%         2
 Spider Form              Tmut/Pois      0%         N/A       83%         3
 Swiftness                Air            0%         N/A       83%         3
 Anguish                  Hex/Necr       0%         N/A       99%         4


Dungeon Overview and Level Annotations

Branches:
Dungeon (2/15)

Altars:

Annotations:
D:2 Sigmund


Innate Abilities, Weirdness & Mutations

You are immune to sickness and miasma.
Your stone body is resilient. (AC +3)
You are immune to poison.
You resist negative energy. (rN+)
You are resistant to electric shocks. (rElec)
You are resistant to unholy torment.
You are immune to petrification.


Message History

No target in view!
No target in view!
No target in view!
No target in view!
Found a stone staircase leading down.
There is a stone staircase leading down here.
Sigmund the Dreaded comes into view.
He is wielding a +0 scythe and carrying a wand of roots (9).
Sigmund is nearby!
Sigmund shouts!
Unknown command.
Unknown command.
Okay, then.
You throw an atropa-tipped dart. The atropa-tipped dart hits Sigmund.
Sigmund appears confused.
You throw an atropa-tipped dart.
The atropa-tipped dart barely misses Sigmund.
Sigmund seems less confused.
Sigmund is no longer blind.
Sigmund gestures at you while chanting.
You are confused.
You barely miss Sigmund. Sigmund hits you with a +0 scythe.
You throw an atropa-tipped dart.
Sigmund zaps a wand.
The roots erupt in riotous growth!
The grasping roots grab you!
Sigmund is unaffected.
The grasping roots constrict you.
You throw an atropa-tipped dart. You barely miss Sigmund.
Sigmund points at you and mumbles some strange words.
The magic dart hits you. The grasping roots constrict you.
* * * LOW HITPOINT WARNING * * *
You escape the roots grasp.
Sigmund attacks as you move away! Sigmund closely misses you.
Sigmund zaps a wand.
The roots erupt in riotous growth!
The grasping roots grab you! The grasping roots constrict you.
* * * LOW HITPOINT WARNING * * *
You're too confused to move!
Sigmund says, "Look into my eyes."
Sigmund hits you from afar with a +0 scythe.
You die...

####...#
######....#.#######
.................>#
######......#####.#
######..##### #.#
............# #.#
............# ###.#
.....).[....# #..(#
...####.#######.@(#
.........# #.((###
........... #.#@#
.........##.#.#.#
.......... . #.#
.........# .# #.#
.........##. #.#
)........## #.#
......... ..#


You could see Sigmund.

Vanquished Creatures
  2 dart slugs (D:1)
  4 ball pythons
  2 endoplasms (D:1)
  2 giant cockroaches (D:1)
  2 goblins
  6 hobgoblins (D:1)
  3 kobolds (D:1)
  2 quokkas
  6 bats (D:1)
  A frilled lizard (D:2)
  A rat (D:2)
31 creatures vanquished.

Notes
Turn   | Place    | Note
-------+----------+-------------------------------------------
     0 | D:1      | GorkyZ the Gargoyle Gladiator began the quest for the Orb.
     0 | D:1      | Reached XP level 1. HP: 12/12 MP: 1/1
   159 | D:1      | Reached XP level 2. HP: 18/18 MP: 2/2
   431 | D:1      | Found a faded altar of an unknown god.
   448 | D:1      | Reached XP level 3. HP: 22/22 MP: 3/3
   472 | D:1      | Reached skill level 1 in Shields
  1041 | D:2      | Reached skill level 1 in Armour
  1132 | D:2      | Noticed Sigmund
  1145 | D:2      | Slain by Sigmund

Illustrated notes

Levels and vault maps discovered:
D:1:      minmay_arrival_doors, layout_loops_ring,
          hellmonk_ecumenical_altar_run_dry, minmay_tetromino_t2
D:2:      layout_basic, uniq_sigmund

Skill      XL: |  1  2  3 |
---------------+----------+-----
Throwing       | 2 |  2.0
Shields        | 1 |  1.0
Armour         | 1 |  1.0
Fighting       | |  2.6
Short Blades   | |  2.8
Long Blades    | |  0.7
Dodging        | |  2.5
Evocations     | |  0.4

Action                   || total
-------------------------++-------
Melee: Rapier            ||    90
       Punch             ||     2
Throw: Dart              ||     4
Armor: Leather armour    ||    37
Dodge: Dodged            ||    91
